 Dungeon Crawl Stone Soup version 0.18.1-48-g4cf74bf (webtiles) character file.

2533 SacrumLux the Covert (level 9, 0/67 HPs)
             Began as a Vampire Assassin on July 3, 2016.
             Was a Follower of Dithmenos.
             Slain by a troll (8 damage)
             ... on level 8 of the Dungeon.
             The game lasted 00:49:29 (6484 turns).

SacrumLux the Covert (Vampire Assassin)             Turns: 6484, Time: 00:49:30

Health: 0/67       AC:  7    Str: 10    XL:     9   Next: 30%
Magic:  9/9        EV: 17    Int: 13    God:    Dithmenos [*.....]
Gold:   338        SH:  0    Dex: 19    Spells: 0 memorised, 8 levels left

rFire  . . .     SeeInvis +     i - +1 dagger (elec)
rCold  + . .     Gourm    .     p - +2 leather armour {rC+}
rNeg   + . .     Faith    +     (no shield)
rPois  .         Spirit   .     (no helmet)
rElec  .         Dismiss  .     d - +1 cloak
rCorr  +         Reflect  .     (no gloves)
SustAt .         Harm     .     (no boots)
MR     .....                    A - amulet of faith
Stlth  ++++++....               c - ring of positive energy
                                n - ring of resist corrosion

@: about to teleport, regenerating quickly, wreathed by umbra, not resistant to
hostile enchantments, very stealthy
A: fangs 3, see invisible, unbreathing
a: Renounce Religion


You were on level 8 of the Dungeon.
You worshipped Dithmenos.
Dithmenos was aware of your devotion.
You were very full.

You visited 2 branches of the dungeon, and saw 9 of its levels.

You collected 338 gold pieces.

Inventory:

Hand Weapons
 b - a +0 blowgun
 i - a +1 dagger of electrocution (weapon)
 D - a +2 whip of flaming
Missiles
 e - 45 poisoned needles
 f - 2 curare-tipped needles
Armour
 d - a +1 cloak (worn)
 p - a +2 leather armour of cold resistance (worn)
 x - a +0 robe of magic resistance
Jewellery
 c - a ring of positive energy (right hand)
 n - a ring of resist corrosion (left hand)
 A - an amulet of faith (around neck)
 B - an uncursed ring of protection from magic {unknown}
Wands
 h - a wand of random effects (45/48)
Scrolls
 j - 2 scrolls of recharging
 o - 3 scrolls of remove curse
 q - 2 scrolls of teleportation
 s - a scroll of blinking
 w - 2 scrolls of amnesia
Potions
 a - a potion of curing {unknown}
 g - a potion of haste
 k - 3 potions of invisibility
 l - 3 potions of agility
 m - 2 potions of berserk rage
 r - 4 potions of blood
 t - a potion of lignification {unknown}
 v - 3 potions of brilliance
 C - a potion of flight {unknown}
Books
 u - a book of Summonings

   Spells                             Type                      Level
   a - Recall                         Summoning/Translocation      3
   b - Aura of Abjuration             Summoning                    5
   c - Summon Demon                   Summoning                    5
   d - Summon Forest                  Summoning/Translocation      5
   e - Summon Mana Viper              Hexes/Summoning              5
   f - Shadow Creatures               Summoning                    6
 y - a book of Burglary

   Spells                             Type                      Level
   a - Swiftness                      Charms/Air                   2
   b - Passwall                       Transmutation/Earth          2
   c - Passage of Golubria            Translocation                4
   d - Lee's Rapid Deconstruction     Earth                        5
   e - Darkness                       Hexes                        6
   f - Invisibility                   Hexes                        6
 z - a Grand Grimoire

   Spells                             Type                      Level
   a - Monstrous Menagerie            Summoning                    7
   b - Summon Greater Demon           Summoning                    7
   c - Malign Gateway                 Summoning/Translocation      7
   d - Summon Horrible Things         Summoning                    8


   Skills:
 + Level 4.8 Fighting
 + Level 8.2 Short Blades
 - Level 1.5 Throwing
 + Level 6.9 Dodging
 + Level 11.5 Stealth


You had 8 spell levels left.
You didn't know any spells.

Dungeon Overview and Level Annotations

Branches:
Dungeon (8/15)             Temple (1/1) D:6
   Lair: D:8-11

Altars:
Ashenzari
Cheibriados
Dithmenos
Fedhas
Gozag
Kikubaaqudgha
Makhleb
Nemelex Xobeh
Okawaru
Pakellas
Qazlal
Ru
Sif Muna
Trog
Yredelemnul
Zin
The Shining One


Innate Abilities, Weirdness & Mutations

Your natural rate of healing is unusually fast.
You have razor-sharp teeth.
You have supernaturally acute eyesight.
You can survive without breathing.


Message History

You hit the wolf but do no damage.
The wolf is almost dead.
The wolf bites you but does no damage. The wolf bites you! The troll bites you!
* * * LOW HITPOINT WARNING * * *
The troll barely misses you. x2
The orc wizard completely misses the freed slave.
The freed slave barely misses the orc wizard.
The wolf closely misses you. The wolf bites you.
* * * LOW HITPOINT WARNING * * *
A hound comes into view.
Read which item? (? for menu, Esc to quit)
As you read the scroll of teleportation, it crumbles to dust.
You feel strangely unstable. The wolf bites you.
* * * LOW HITPOINT WARNING * * *
The hound barks!
The wolf barely misses you.
You hear a splash.
The wolf closely misses you. The troll misses you.
The troll completely misses you. The troll claws you!
You die...

#....#
#####....#####
###...#.........
.#.....#.........
.'.....'.........
########h...a....
...........#+##.
.......Th..#
.......h@..#
...........#
...####.(..#
.p)#..#....# o.
#..#.p..#
#..'....# .
#'##....#
...#+###..#.[..#
#........#[...#


You could see a troll, 2 wolves, a hound, a worker ant and a neutral freed slave
(wandering).

Vanquished Creatures
  Pikel (D:8)
  Sigmund (D:3)
  An orc warrior (D:7)
  A slave (D:8)
  5 ice beasts
  2 ogres (D:4)
  A centaur (D:5)
  A giant frog (D:4)
  A wyvern skeleton (D:6)
  2 scorpions
  2 howler monkeys
  4 crimson imps
  A quasit (D:6)
  A hound (D:6)
  An orc priest (D:6)
  4 orc wizards
  A jelly (D:6)
  4 worker ants
  Ijyb (D:3)
  An iguana (D:4)
  A hound skeleton (D:4)
  A worker ant zombie (D:6)
  4 gnolls (D:6)
  11 adders
  A shadow imp (D:4)
  3 dart slugs
  6 giant geckos
  16 orcs
  3 ball pythons
  7 bats
  9 giant cockroaches
  15 goblins
  8 hobgoblins
  10 jackals
  5 kobolds
  6 quokkas
  7 giant newts
  A jackal skeleton (D:4)
  9 rats
  4 withered plants (D:2)
163 creatures vanquished.

Vanquished Creatures (others)
  A slave (D:8)
  An orc (D:8)
2 creatures vanquished.

Grand Total: 165 creatures vanquished

Notes
Turn   | Place    | Note
--------------------------------------------------------------
     0 | D:1      | SacrumLux the Vampire Assassin began the quest for the Orb.
     0 | D:1      | Reached XP level 1. HP: 16/16 MP: 1/1
    10 | D:1      | Reached skill level 6 in Stealth
    69 | D:1      | Reached XP level 2. HP: 22/22 MP: 2/2
   579 | D:1      | Reached skill level 7 in Stealth
   676 | D:2      | Reached XP level 3. HP: 27/27 MP: 3/3
   931 | D:2      | Found an ancient bone altar of Kikubaaqudgha.
  1227 | D:2      | Reached XP level 4. HP: 32/33 MP: 4/4
  1759 | D:3      | Noticed Sigmund
  1764 | D:3      | Killed Sigmund
  1764 | D:3      | Reached skill level 8 in Stealth
  1764 | D:3      | Reached XP level 5. HP: 38/38 MP: 5/5
  1764 | D:3      | Reached XP level 6. HP: 44/44 MP: 6/6
  2165 | D:3      | Found a bloodstained altar of Trog.
  2165 | D:3      | Found a sparkling altar of Nemelex Xobeh.
  2166 | D:3      | Found a snail-covered altar of Cheibriados.
  2168 | D:3      | Found a blossoming altar of Fedhas.
  2168 | D:3      | Found a deep blue altar of Sif Muna.
  2185 | D:3      | Reached skill level 5 in Short Blades
  2196 | D:3      | Noticed Ijyb
  2221 | D:3      | Killed Ijyb
  2371 | D:3      | Found an iron altar of Okawaru.
  3048 | D:4      | Reached XP level 7. HP: 9/49 MP: 7/7
  3420 | D:4      | Reached skill level 9 in Stealth
  3439 | D:5      | Entered Level 5 of the Dungeon
  3701 | D:5      | Found a sparkling altar of Nemelex Xobeh.
  3778 | D:5      | Reached skill level 5 in Dodging
  3778 | D:5      | Reached XP level 8. HP: 57/57 MP: 8/8
  4103 | D:6      | Found a staircase to the Ecumenical Temple.
  4115 | Temple   | Entered the Ecumenical Temple
  4173 | Temple   | Became a worshipper of Dithmenos the Shadowed
  4248 | D:6      | Reached skill level 10 in Stealth
  5432 | D:6      | Found a sacrificial altar of Ru.
  5755 | D:7      | Reached skill level 11 in Stealth
  6260 | D:7      | Reached XP level 9. HP: 66/66 MP: 9/9
  6403 | D:8      | Noticed Pikel
  6422 | D:8      | Killed Pikel
  6422 | D:8      | Reached * piety under Dithmenos
  6472 | D:8      | Noticed a troll
  6484 | D:8      | Slain by a troll

Skill      XL: |  1  2  3  4  5  6  7  8  9 |
---------------+----------------------------+-----
Stealth        | 6 7 8 9 11 | 11.5
Dodging        | 2 3 4 5 6 |  6.9
Short Blades   | 3 4 5 6 7 8 |  8.2
Fighting       | 2 4 |  4.8
Throwing       | |  1.5

Action                   |  1- 3 |  4- 6 |  7- 9 || total
-------------------------+-------+-------+-------++-------
Melee: Dagger            |   139 |   120 |   254 ||   513
       Bite              |    14 |     6 |    37 ||    57
  Use: Scroll            |     1 |     5 |    12 ||    18
       Potion            |       |       |     7 ||     7
 Stab: Sleeping          |    15 |    14 |    20 ||    49
  Eat: Corpse            |    12 |     8 |    10 ||    30
Armor: Robe              |    49 |    14 |    13 ||    76
       Skin              |     2 |       |       ||     2
       Leather armour    |       |       |     7 ||     7
Dodge: Dodged            |    97 |    67 |   184 ||   348
